 Seeded DCSS version 0.30-a0-341-g682706514a (webtiles) character file.

Game seed: 7130546335830651708 (custom seed)

36 purpskrrrp the Magician (level 3, -2/25 HPs)
             Began as a Djinni Conjurer on Nov 5, 2022.
             Slain by a gnoll
             ... wielding a +0 spear of venom
              (4 damage)
             ... on level 2 of the Dungeon.
             The game lasted 00:05:19 (935 turns).

purpskrrrp the Magician (Djinni Conjurer)            Turns: 935, Time: 00:05:20

Health: -2/25      AC:  3    Str:  6    XL:     3   Next: 57%
Gold:   18         EV: 13    Int: 21    God:
                   SH:  0    Dex: 17

rFire   + + .      SeeInvis .    d - +7 lajatang of Order {silver, rMut}
rCold   x . .      Faith    .    (shield currently unavailable)
rNeg    . . .      Spirit   .    a - +1 robe
rPois   ∞          Reflect  .    (no helmet)
rElec   .          Harm     .    (no cloak)
rCorr   .          Rampage  .    (no gloves)
rMut    +                        (boots unavailable)
Will    .....                    (no amulet)
Stlth   ++........               g - +6 ring of dexterity
HPRegen 0.24/turn                (no ring)
MPRegen 0.00/turn

@: mighty, flying
A: sickness immunity, fire resistance 2, cold vulnerability 1, float, innate
caster, HP casting, extra vitality 1
a: no special abilities


You were on level 2 of the Dungeon.
You visited 1 branch of the dungeon, and saw 2 of its levels.

You collected 18 gold pieces.

Inventory:

Hand Weapons
 d - the +7 lajatang of Order (weapon) {silver, rMut}
   (You acquired it on level 1 of the Dungeon)

   It inflicts extra damage upon those it strikes, and deals substantially
   increased damage to chaotic, mutated and magically transformed beings.
   rMut:      It protects you from mutation.
Armour
 a - a +1 robe (worn)
Jewellery
 g - a +6 ring of dexterity (left hand)


   Skills:
 + Level 0.7 Staves
 + Level 2.5 Dodging
 - Level 1.6 Stealth
 * Level 3.8 Spellcasting


You couldn't memorise any spells.
You knew the following spells:

 Your Spells              Type           Power      Damage    Failure   Level
a - Magic Dart            Conj           80%        1d7       2%          1
b - Searing Ray           Conj           40%        2d5       3%          2
c - Dazzling Flash        Conj/Hex       40%        N/A       8%          3
d - Fulminant Prism       Conj/Hex       10%        3d8       26%         4
e - Iskenderun's Mystic   Conj/Tloc      20%        2d6       26%         4
f - Sting                 Tmut/Pois      80%        1d7       2%          1
Your spell library was empty.

Dungeon Overview and Level Annotations

Branches:
Dungeon (2/15)

Altars:


Innate Abilities, Weirdness & Mutations

You are immune to sickness and miasma.
You are immune to poison.
Your flesh is very heat resistant. (rF++)
You are vulnerable to cold. (rC-)
You float through the air rather than walking.
You learn spells naturally, not from books.
Your magical power is your life essence.
You have superior vitality. (+4 MHP)


Message History

You kill the goblin!
The searing ray hits the gnoll.
The gnoll is heavily wounded. (Press . to maintain the ray.)
The gnoll hits you with a +0 flail! The gnoll closely misses you.
The gnoll is no longer blind.
Casting: Searing Ray (safe; 3% risk of failure)
Confirm with . or Enter, or press ? or * to list all spells.
The spell is quite dangerous to miscast (8% risk of failure)!
Continue anyway?
Casting: Dazzling Flash (quite dangerous; 8% risk of failure)
Press: ? - help, Dir - look around, f - activate The gnoll is dazzled.
The gnoll barely misses you.
The gnoll hits you from afar with a +0 spear of venom.
* * * LOW HITPOINT WARNING * * *
Casting: Dazzling Flash (quite dangerous; 8% risk of failure)
Confirm with . or Enter, or press ? or * to list all spells.
You aren't experienced enough to cast this spell.
You aren't carrying any scrolls.
It was a potion of might.
You feel very mighty all of a sudden. The gnoll hits you with a +0 flail.
* * * LOW HITPOINT WARNING * * *
The gnoll barely misses you.
You hit the gnoll.
The gnoll is severely wounded.
The gnoll closely misses you.
You closely miss the gnoll.
The gnoll is severely wounded.
The gnoll misses you. The gnoll closely misses you. x2
Casting: Dazzling Flash (quite dangerous; 8% risk of failure)
Confirm with . or Enter, or press ? or * to list all spells.
You don't have enough health to cast this spell.
It was a potion of flight.
You feel more buoyant. The gnoll closely misses you.
The gnoll barely misses you.
You slash the gnoll!
You kill the gnoll!
The gnoll is no longer blind.
The gnoll hits you from afar with a +0 spear of venom.
You die...

#.# #.# .. #.# #... . #.###!.
..#.#.# #.#...# ###.#'#.#
#.#...# #.......#
#.#...####.......#
#<#...#..........#####
########.#...#..@............
#..:.....#....g)....[......#
##.#######.#).....#...#. #.#
#...#.#........#(# #.#
#.###g#......#.#g# #.# #.#
#(#....#.#.#.# #.# #.#
#.#.#..#.#.#.#
#.###.###.#:...#.#.#.#
##.#.........#..†.#...#


You could see a gnoll.

Vanquished Creatures
  2 gnolls (D:2)
  An adder (D:2)
  3 endoplasms
  A giant cockroach (D:1)
  4 hobgoblins (D:1)
  3 kobolds (D:1)
  A ball python (D:1)
  A frilled lizard (D:2)
  A goblin (D:2)
  A rat (D:1)
18 creatures vanquished.

Notes
Turn   | Place    | Note
-------+----------+-------------------------------------------
     0 | D:1      | purpskrrrp the Djinni Conjurer began the quest for the Orb.
     0 | D:1      | purpskrrrp set off with the following spells memorised:
                  | Magic Dart, Searing Ray, Dazzling Flash, Fulminant Prism,
                  | Iskenderun's Mystic Blast.
     0 | D:1      | Reached XP level 1. HP: 15/15 MP: 0/0
    89 | D:1      | Reached XP level 2. HP: 20/21 MP: 0/0
   218 | D:1      | Identified a scroll of acquirement
   218 | D:1      | Acquired the +7 lajatang of Order {silver, rMut}
   218 | D:1      | Found the +7 lajatang of Order {silver, rMut}
   889 | D:2      | Reached XP level 3. HP: 22/25 MP: 0/0
   889 | D:2      | Learned a level 1 spell: Sting
   931 | D:2      | HP: 1/25 [gnoll/+0 flail (5)]
   935 | D:2      | Slain by a gnoll

Illustrated notes

Levels and vault maps discovered:
D:1:      dpeg_arrival_refuge, layout_basic
D:2:      layout_basic

Action                   || total
-------------------------++-------
Melee: Unarmed           ||     7
       Lajatang          ||     3
 Cast: Magic Dart        ||    33
       Dazzling Flash    ||     3
       Searing Ray       ||     2
  Use: Scroll            ||     5
       Potion            ||     3
Armor: Robe              ||     1
Dodge: Dodged            ||    23

Table legend: (Time is in decaauts)
 A = Elapsed time spent in this place.
 B = Non-inter-level travel time spent in this place.
 C = Inter-level travel time spent in this place.
 D = Time resting spent in this place.
 E = Time spent auto-exploring this place.
 F = Levels seen in this place.
 G = Mean time per level.
                   A        B        C        D        E       F      G
               +--------+--------+--------+--------+--------+-----+--------+
         Total |    934 |    913 |     21 |    226 |    548 |   2 |  467.0 |
       Dungeon |    934 |    913 |     21 |    226 |    548 |   2 |  467.0 |
               +--------+--------+--------+--------+--------+-----+--------+

Top non-repeatable levels by time:
     D:1: 591 daAuts
     D:2: 342 daAuts
